 Dungeon Crawl Stone Soup version 0.31.0-1-g2c135a008e (webtiles) character file.

Game seed: 8326477253879812970

229 qw the Shooter (level 6, -5/46 HPs)
             Began as a Djinni Hunter on Jan 23, 2024.
             Was an Initiate of Okawaru.
             Slain by a lemure (7 damage)
             ... led by Pikel
             ... on level 4 of the Dungeon.
             The game lasted 00:00:18 (2833 turns).

qw the Shooter (Djinni Hunter)                      Turns: 2833, Time: 00:00:18

Health: -5/46      AC:  3    Str: 10    XL:     6   Next: 23%
Gold:   195        EV: 13    Int: 10    God:    Okawaru [......] SH:  0 Dex: 19

rFire   + . .        a - +0 shortbow
rCold   . . .        (shield currently unavailable)
rNeg    . . .        c - +0 leather armour
rPois   inf          (no helmet)
rElec   .            (no cloak)
rCorr   .            (no gloves)
SInv    .            (boots unavailable)
Will    .....        (no amulet)
Stlth   ++           d - ring of ice
HPRegen 0.27/turn    (no ring)
MPRegen 0.00/turn

%: infuse magic (-6 HP)
@: flying, hasted, very quick
A: sickness immunity, fire resistance 2, cold vulnerability 1, float, innate
caster, HP casting, extra vitality 1
a: Renounce Religion


You were on level 4 of the Dungeon.
You worshipped Okawaru.
Okawaru was noncommittal.
You visited 2 branches of the dungeon, and saw 5 of its levels.

You collected 195 gold pieces.


Innate Abilities, Weirdness & Mutations

You are immune to sickness and miasma.
You are immune to poison.
Your flesh is very heat resistant. (rF++)
You are vulnerable to cold. (rC-)
You float through the air rather than walking.
You learn spells naturally, not from books.
Your magical power is your life essence.
You have superior vitality. (+4 MHP)


   Skills:
 + Level 3.5 Fighting
 - Level 5.0 Ranged Weapons
 - Level 3.0 Dodging
 - Level 0.7 Stealth


You knew the following spells:

 Your Spells              Type           Power      Damage    Failure   Level
a - Foxfire               Conj/Fire      0%         2x1d4     45%         1
b - Lesser Beckoning      Tloc           0%         N/A       61%         2
Your spell library was empty.

Inventory:

Hand Weapons
 a - a +0 shortbow (weapon)
Armour
 c - a +0 leather armour (worn)
Jewellery
 d - a ring of ice (left hand)
Wands
 g - a wand of acid (11)
 h - a wand of polymorph (8)
Scrolls
 f - a scroll of amnesia {unknown}
Potions
 b - a potion of berserk rage {unknown}
 e - a potion of haste
 i - a potion of mutation {unknown}
 j - a potion of enlightenment {unknown}
 k - a potion of curing {unknown}
 l - a potion of might {unknown}

Dungeon Overview and Level Annotations

Branches:
Dungeon (4/15)             Temple (1/1) D:4

Altars:
Elyvilon
Hepliaklqana
Nemelex Xobeh
Okawaru
Yredelemnul
Zin
Lugonu

Annotations:
D:4 Pikel


Message History

The lemure hits you. Pikel waves his whip at you. Pikel barely misses you.
The lemure misses you.
You shoot an arrow.
The arrow hits Pikel but does no damage.
Pikel is moderately wounded.
The lemure closely misses you.
You shoot an arrow.
The arrow hits Pikel but does no damage.
Pikel is moderately wounded.
Pikel hits you but does no damage. The lemure completely misses you.
You shoot an arrow. The arrow hits Pikel.
Pikel is heavily wounded.
The lemure closely misses you. Pikel closely misses you.
The lemure closely misses you.
You shoot an arrow. The arrow barely misses Pikel.
The lemure barely misses you. Pikel misses you. The lemure barely misses you.
You shoot an arrow. The arrow barely misses Pikel.
The lemure closely misses you.
Pikel says, "You'll feel the lick of my whip!"
Pikel hits you with a +0 whip of freezing.
Pikel freezes you. The lemure hits you but does no damage.
You shoot an arrow. The arrow closely misses Pikel.
The lemure closely misses you.
You shoot an arrow. The arrow hits Pikel.
Pikel is heavily wounded.
Pikel hits you with a +0 whip of freezing.
Pikel freezes you. The lemure barely misses you.
You shoot an arrow. The arrow misses Pikel.
The lemure hits you! Pikel closely misses you. The lemure hits you.
You shoot an arrow.
The arrow hits Pikel but does no damage.
Pikel is heavily wounded.
The lemure barely misses you. Pikel barely misses you.
The lemure closely misses you.
You shoot an arrow. The arrow barely misses Pikel.
The lemure hits you!
Pikel hits you with a +0 whip of freezing.
Pikel freezes you. The lemure hits you!
You die...

.. ... #5...# ......#. ....
#....# ......'. . ....
#....# ......#...... ...
#....# ......#.....
...######....#
......#....#'####..........#
).....#....#....#..........#
......#....#....#K.........#
......#....#....@55........#
.##'###....######5.........#
.#.........#....####'##....#
.#...(.....#..........#....#
.#.........#..........#....#
.#.........#..........'....#
.#.........#..........#....#
.#.........##'#########....#
#.........#.....##...######


You could see Pikel and 3 lemures.

Vanquished Creatures
  A lemure (D:4)
  2 jellies
  3 gnolls (D:4)
  3 adders
  A dart slug (D:4)
  3 ribbon worms (D:3)
  An orc (D:3)
  5 bats
  3 endoplasms
  4 giant cockroaches
  8 goblins
  10 hobgoblins
  3 jackals (D:2)
  3 kobolds
  8 quokkas
  5 ball pythons
  A frilled lizard (D:3)
  5 rats
69 creatures vanquished.

Notes
Turn   | Place    | Note
-------+----------+-------------------------------------------
     0 | D:1      | qw the Djinni Hunter began the quest for the Orb.
     0 | D:1      | Reached XP level 1. HP: 18/18 MP: 0/0
     0 | D:1      | 0 ||| qw: Version: 0.3-a-135-gb77e89d
     0 | D:1      | 0 ||| qw: Game counter: 941
     0 | D:1      | 0 ||| qw: Melee chars always use a shield: true
     0 | D:1      | 0 ||| qw: God list: Okawaru
     0 | D:1      | 0 ||| qw: Allow faded altars: false
     0 | D:1      | 0 ||| qw: Do Orc after clearing Dungeon:15 true
     0 | D:1      | 0 ||| qw: Do second Lair branch before Depths: true
     0 | D:1      | 0 ||| qw: Lair rune preference: random
     0 | D:1      | 0 ||| qw: Goals: Normal
     0 | D:1      | 0 ||| PLANNING D:1-11
    93 | D:1      | Reached XP level 2. HP: 23/23 MP: 0/0
   642 | D:1      | 642 ||| UPGRADING to ring of ice.
   643 | D:1      | 643 ||| READING scroll labelled POLIUSM INIPPI.
   686 | D:1      | 686 ||| READING 2 scrolls labelled QOPNID HALI.
   691 | D:1      | 691 ||| READING scroll labelled COT FOV HEGG.
   691 | D:1      | 691 ||| IDENTIFYING green potion
   692 | D:1      | 692 ||| DROPPING scroll of butterflies.
   693 | D:1      | 693 ||| DROPPING potion of attraction.
   704 | D:2      | Reached XP level 3. HP: 28/28 MP: 0/0
   704 | D:2      | Learned a level 1 spell: Foxfire
   720 | D:2      | Reached skill level 4 in Ranged Weapons
   920 | D:2      | Reached skill level 3 in Fighting
   920 | D:2      | Reached XP level 4. HP: 27/35 MP: 0/0
  1368 | D:2      | 1368 ||| READING 5 scrolls of identify.
  1368 | D:2      | 1368 ||| IDENTIFYING coppery potion
  1369 | D:2      | 1369 ||| READING 4 scrolls of identify.
  1369 | D:2      | 1369 ||| IDENTIFYING golden potion
  1370 | D:2      | 1370 ||| READING 3 scrolls of identify.
  1370 | D:2      | 1370 ||| IDENTIFYING murky white potion
  1371 | D:2      | 1371 ||| READING 2 scrolls of identify.
  1371 | D:2      | 1371 ||| IDENTIFYING sapphire potion
  1372 | D:2      | 1372 ||| READING scroll of identify.
  1372 | D:2      | 1372 ||| IDENTIFYING grey potion
  1373 | D:2      | 1373 ||| READING scroll labelled BYUTOOLOISS.
  1474 | D:2      | 1474 ||| DROPPING potion of lignification.
  1475 | D:2      | 1475 ||| DROPPING potion of brilliance.
  1476 | D:2      | 1476 ||| DROPPING potion of magic.
  1527 | D:3      | Reached skill level 3 in Dodging
  1589 | D:3      | Reached XP level 5. HP: 33/40 MP: 0/0
  1589 | D:3      | Learned a level 2 spell: Lesser Beckoning
  1635 | D:3      | Found a faded altar of an unknown god.
  2215 | D:3      | 2215 ||| READING scroll labelled RUFREC BESCHIF.
  2269 | D:4      | Found a staircase to the Ecumenical Temple.
  2270 | D:4      | 2270 ||| PLANNING TEMPLE
  2270 | D:4      | 2270 ||| READING scroll labelled NUWNUSHE SOPS.
  2296 | D:4      | 2296 ||| FLEEEEING.
  2297 | D:4      | 2297 ||| FLEEEEING.
  2298 | D:4      | 2298 ||| FLEEEEING.
  2299 | D:4      | 2299 ||| FLEEEEING.
  2300 | D:4      | 2300 ||| FLEEEEING.
  2301 | D:4      | 2301 ||| FLEEEEING.
  2302 | D:4      | 2302 ||| FLEEEEING.
  2314 | D:4      | HP: 8/40 [gnoll/+0 spear (4)]
  2315 | D:4      | 2315 ||| READING 2 scrolls of teleportation.
  2316 | D:4      | 2316 ||| DRINKING potion of heal wounds.
  2374 | D:4      | 2374 ||| Stepping randomly (stuck).
  2375 | D:4      | 2375 ||| Stepping randomly (stuck).
  2376 | D:4      | 2376 ||| Stepping randomly (stuck).
  2377 | D:4      | 2377 ||| Stepping randomly (stuck).
  2378 | D:4      | 2378 ||| Stepping randomly (stuck).
  2379 | D:4      | 2379 ||| Stepping randomly (stuck).
  2380 | D:4      | 2380 ||| Stepping randomly (stuck).
  2381 | D:4      | 2381 ||| Stepping randomly (stuck).
  2382 | D:4      | 2382 ||| Stepping randomly (stuck).
  2383 | D:4      | 2383 ||| Stepping randomly (stuck).
  2384 | D:4      | 2384 ||| Stepping randomly (stuck).
  2385 | D:4      | 2385 ||| Stepping randomly (stuck).
  2386 | D:4      | 2386 ||| Stepping randomly (stuck).
  2387 | D:4      | 2387 ||| Stepping randomly (stuck).
  2388 | D:4      | 2388 ||| Stepping randomly (stuck).
  2389 | D:4      | 2389 ||| Stepping randomly (stuck).
  2390 | D:4      | 2390 ||| Stepping randomly (stuck).
  2391 | D:4      | 2391 ||| Stepping randomly (stuck).
  2392 | D:4      | 2392 ||| Stepping randomly (stuck).
  2393 | D:4      | 2393 ||| Stepping randomly (stuck).
  2394 | D:4      | 2394 ||| Stepping randomly (stuck).
  2395 | D:4      | 2395 ||| Stepping randomly (stuck).
  2396 | D:4      | 2396 ||| Stepping randomly (stuck).
  2397 | D:4      | 2397 ||| Stepping randomly (stuck).
  2398 | D:4      | 2398 ||| Stepping randomly (stuck).
  2399 | D:4      | 2399 ||| Stepping randomly (stuck).
  2400 | D:4      | 2400 ||| Stepping randomly (stuck).
  2401 | D:4      | 2401 ||| Stepping randomly (stuck).
  2402 | D:4      | 2402 ||| Stepping randomly (stuck).
  2403 | D:4      | 2403 ||| Stepping randomly (stuck).
  2404 | D:4      | 2404 ||| Stepping randomly (stuck).
  2405 | D:4      | 2405 ||| Stepping randomly (stuck).
  2406 | D:4      | 2406 ||| Stepping randomly (stuck).
  2407 | D:4      | 2407 ||| Stepping randomly (stuck).
  2408 | D:4      | 2408 ||| Stepping randomly (stuck).
  2409 | D:4      | 2409 ||| Stepping randomly (stuck).
  2410 | D:4      | 2410 ||| Stepping randomly (stuck).
  2411 | D:4      | 2411 ||| Stepping randomly (stuck).
  2412 | D:4      | 2412 ||| Stepping randomly (stuck).
  2413 | D:4      | 2413 ||| Stepping randomly (stuck).
  2414 | D:4      | 2414 ||| Stepping randomly (stuck).
  2415 | D:4      | 2415 ||| Stepping randomly (stuck).
  2416 | D:4      | 2416 ||| Stepping randomly (stuck).
  2417 | D:4      | 2417 ||| Stepping randomly (stuck).
  2418 | D:4      | 2418 ||| Stepping randomly (stuck).
  2419 | D:4      | 2419 ||| Stepping randomly (stuck).
  2420 | D:4      | 2420 ||| Stepping randomly (stuck).
  2423 | D:4      | 2423 ||| Stepping randomly (stuck).
  2445 | D:4      | 2445 ||| Stepping randomly (stuck).
  2446 | D:4      | 2446 ||| Stepping randomly (stuck).
  2447 | D:4      | 2447 ||| Stepping randomly (stuck).
  2448 | D:4      | 2448 ||| READING scroll of teleportation.
  2468 | Temple   | Entered the Ecumenical Temple
  2469 | Temple   | 2469 ||| PLANNING OKAWARU WORSHIP
  2481 | Temple   | Became a worshipper of Warmaster Okawaru
  2482 | Temple   | 2482 ||| PLANNING D:1-11
  2527 | D:4      | Reached skill level 5 in Ranged Weapons
  2527 | D:4      | Reached XP level 6. HP: 20/46 MP: 0/0
  2806 | D:4      | 2806 ||| RETREEEEATING.
  2807 | D:4      | Noticed Pikel
  2809 | D:4      | 2809 ||| ZAPPING wand of acid (12) at 2,-5 (Pikel; floor).
  2810 | D:4      | 2810 ||| RETREEEEATING.
  2811 | D:4      | 2811 ||| RETREEEEATING.
  2812 | D:4      | 2812 ||| RETREEEEATING.
  2813 | D:4      | 2813 ||| RETREEEEATING.
  2814 | D:4      | 2814 ||| RETREEEEATING.
  2815 | D:4      | 2815 ||| RETREEEEATING.
  2816 | D:4      | 2816 ||| RETREEEEATING.
  2817 | D:4      | 2817 ||| DRINKING 2 potions of haste.
  2833 | D:4      | HP: 9/46 [lemure[Pikel] (7)]
  2833 | D:4      | HP: 4/46 [Pikel/+0 whip of freezing (5)]
  2833 | D:4      | Slain by a lemure

Levels and vault maps discovered:
D:1:      sevenhm_arrival_forest_fort_large_4, layout_loops_cross, minivault_26
D:2:      layout_basic, minmay_tetromino_i4
D:3:      layout_loops_cross, dreamdust_ecumenical_altar_grove, dk_vineyard_3
D:4:      layout_gridville, minmay_temple_entry_sparse_star,
          chequers_serial_rivers_micro_d, uniq_grinder, uniq_natasha,
          uniq_pikel, uniq_robin, uniq_menkaure
Temple:   corrupted_temple

Skill      XL: |  1  2  3  4  5 |
---------------+----------------+-----
Ranged Weapons | 4 5 |  5.0
Fighting       | 3 |  3.5
Dodging        | 3 |  3.0
Stealth        | |  0.7

Action                     |  1- 3 |  4- 6 || total
---------------------------+-------+-------++-------
   Fire: Shortbow          |    65 |   180 ||   245
  Evoke: Wand              |       |     1 ||     1
    Use: Scroll            |     3 |    10 ||    13
         Potion            |       |     2 ||     2
 Armour: Leather armour    |    16 |    55 ||    71
  Dodge: Dodged            |    22 |    73 ||    95

Table legend:
 A = Non-vault XP
 B = Vault XP
 C = Vault XP percentage of total XP
 D = Non-vault monster count
 E = Vault monster count
 F = Vault count percentage of total count
                 A         B        C        D         E       F
            +---------+---------+-------+---------+---------+-------
      Total |     300 |      28 |   8.5 |      65 |       3 |   4.4
            +---------+---------+-------+---------+---------+-------
        D:1 |      27 |       0 |   0.0 |      15 |       0 |   0.0
        D:2 |      68 |      26 |  27.7 |      15 |       2 |  11.8
        D:3 |      50 |       0 |   0.0 |      19 |       0 |   0.0
        D:4 |     155 |       2 |   1.3 |      16 |       1 |   5.9
            +---------+---------+-------+---------+---------+-------
